 Dungeon Sprint DCSS version 0.30-a0-860-g512cf1e979 (webtiles) character file.

Game seed: 11731447825345823622

228 BigDaddyOpFi the Sneak (level 5, -2/21 HPs)
             Began as a Felid Earth Elementalist on Mar 7, 2023.
             Was a Believer of Vehumet.
             Slain by a jumping spider (6 damage)
             ... in the Dungeon (Sprint V: "Ziggurat Sprint").
             The game lasted 00:02:40 (641 turns).

BigDaddyOpFi the Sneak (Felid Earth Elementalist)    Turns: 641, Time: 00:02:41

Health: -2/21      AC:  1    Str:  4    XL:     5   Next: 71%
Magic:  7/14       EV: 10    Int: 30    God:    Vehumet [**....]
Gold:   0          SH:  0    Dex: 17    Spells: 9/16 levels left
                                        Lives:  0   Deaths: 1

rFire   . . .      SeeInvis +    (weapon unavailable)
rCold   . . .      Faith    .    (shield unavailable)
rNeg    . . .      Spirit   .    (body armour unavailable)
rPois   .          Reflect  .    (helmet unavailable)
rElec   .          Rampage  .    (cloak unavailable)
rCorr   .          NoTele   +    (gloves unavailable)
Will    .....                    (boots unavailable)
Stlth   ++++                     (no amulet)
HPRegen 0.23/turn                v - +6 ring of intelligence
MPRegen 0.14/turn                w - +6 ring of intelligence

@: held, quick
A: very small, claws 1, fangs 3, see invisible, speed 1, shaggy fur 1, stealthy
paws, no weapons or thrown items, no armour, multi-lived
a: Renounce Religion


You were in the Dungeon.
You worshipped Vehumet.
Vehumet was pleased with you.
You visited 1 branch

Inventory:

Armour
 B - the +1 cloak of the Cicada {rN+}
   (You found it in the Dungeon)

   rN:        It protects you from negative energy.
Jewellery
 s - a ring of flight
 t - a +6 ring of dexterity
 u - a +6 ring of dexterity
 v - a +6 ring of intelligence (left paw)
 w - a +6 ring of intelligence (right paw)
 x - a +6 ring of strength
 y - a +6 ring of strength
 A - the amulet of Hiteanec {Faith Int+2}
   (You found it in the Dungeon)

   [amulet of faith]

   It allows you to gain divine favour quickly.
   Int:       It affects your intelligence (+2).
 C - a ring of resist corrosion
Wands
 p - a wand of mindburst (7)
 q - a wand of iceblast (7)
 r - a wand of acid (7)
Scrolls
 f - 4 scrolls of blinking
 l - 4 scrolls of amnesia
 m - 7 scrolls of fog
 n - 5 scrolls of identify
 o - 2 scrolls of fear
Potions
 a - 8 potions of magic
 b - 10 potions of curing
 c - 2 potions of heal wounds
 d - 5 potions of haste
 e - 3 potions of berserk rage
 g - 2 potions of brilliance
 h - 2 potions of invisibility
 i - 4 potions of resistance
 k - 5 potions of might
Miscellaneous
 j - a lightning rod (4/4)
 z - a lightning rod (4/4)


   Skills:
 + Level 6.4 Dodging
 + Level 7.1 Stealth
 + Level 6.0 Spellcasting
 + Level 5.6 Conjurations
 + Level 4.8 Transmutations
 + Level 6.3 Earth Magic


You had 9 spell levels left.
You knew the following spells:

 Your Spells              Type           Power      Damage    Failure   Level
a - Sandblast             Erth           94%        2d19      1%          1
b - Stone Arrow           Conj/Erth      90%        3d12      1%          3
c - Gell's Gravitas       Tloc           9%         N/A       16%         3

Your spell library contained the following spells:

 Spells                   Type           Power      Damage    Failure   Level
 Poisonous Vapours        Pois/Air       18%        N/A       8%          2
 Passwall                 Tmut/Erth      35%        N/A       1%          2
 Petrify                  Tmut/Erth      42%        N/A       5%          4
 Sublimation of Blood     Necr           9%         N/A       8%          2
 Haunt                    Necr/Summ      4%         N/A       100%        7
 Disjunction              Tloc           4%         N/A       100%        8


Dungeon Overview and Level Annotations

Branches:
Dungeon (1/1)

Altars:
Ashenzari
Cheibriados
Dithmenos
Elyvilon
Fedhas
Gozag
Hepliaklqana
Kikubaaqudgha
Makhleb
Nemelex Xobeh
Okawaru
Qazlal
Ru
Sif Muna
Trog
Uskayaw
Vehumet
Wu Jian
Xom
Yredelemnul
Zin
The Shining One
Jiyva
Lugonu

Annotations:
D 1 transporter


Innate Abilities, Weirdness & Mutations

You have sharp claws.
You have razor-sharp teeth.
You have supernaturally acute eyesight. (SInv)
You cover ground quickly. (Speed+)
You are covered in fur. (AC +1)
Your paws help you pounce on unaware monsters.
You are incapable of wielding weapons or throwing items.
You cannot wear armour.
You gain extra lives every three experience levels.


Message History

Aiming: Gell's Gravitas (extremely dangerous; 16% risk of failure)
Press: ? - help, Dir - move target, f - scorpion
Aim: a scorpion Gravity reorients around the scorpion.
The jumping spider's many legs skitter faintly.
Casting: Gell's Gravitas (extremely dangerous; 16% risk of failure)
Confirm with . or Enter, or press ? or * to list all spells.
Aiming: Sandblast (safe; 1% risk of failure)
Press: ? - help, Shift-Dir - straight line, f/p - scorpion
Aim: a scorpion (85% to hit)
Okay, then.
Casting: Sandblast (safe; 1% risk of failure)
Confirm with . or Enter, or press ? or * to list all spells.
Aiming: Gell's Gravitas (extremely dangerous; 16% risk of failure)
Press: ? - help, Dir - move target, f - scorpion, p - scorpion
Aim: a scorpion Gravity reorients around the scorpion.
The jumping spider collides with the scorpion!
The jumping spider leaps! x2
Unknown command.
Casting: Gell's Gravitas (extremely dangerous; 16% risk of failure)
Confirm with . or Enter, or press ? or * to list all spells.
Aiming: Sandblast (safe; 1% risk of failure)
Press: ? - help, Shift-Dir - straight line, f/p - scorpion
Aim: a scorpion (85% to hit)
The blast of sand hits the scorpion!
The scorpion is almost dead.
The jumping spider leaps! x3; The jumping spider pounces on you!!
Ouch! That really hurt!
* * * LOW HITPOINT WARNING * * *
You are caught in a web!
The jumping spider bites you.
* * * LOW HITPOINT WARNING * * *
The scorpion barely misses you.
Unknown command.
You feel much better. The jumping spider pounces on you.
The jumping spider bites you! The scorpion closely misses you.
The jumping spider leaps!
The scorpion stings you!
* * * LOW HITPOINT WARNING * * *
The jumping spider pounces on you.
You die...

▓..©..▓..©†.▓▓▓▓▓▓▓
▓▓▓▓▓▓▓▓▓▓▓▓▓▓
▓..8©8..s▓
▓..))"○..▓
▓...:....▓
▓....°...▓
........▓
▓.▓sss.▓.▓
▓.°.@....▓
▓▓▓▓▓▓▓▓▓▓


You could see 2 jumping spiders and 2 scorpions.

Vanquished Creatures
  2 hell hounds (D)
  2 orc priests (D)
  A shadow imp (D)
  An ufetubus (D)
  2 orcs (D)
  A ball python skeleton (D)
9 creatures vanquished.

Notes
Turn   | Place    | Note
-------+----------+-------------------------------------------
     0 | D        | BigDaddyOpFi the Felid Earth Elementalist began the quest
                  | for the Orb.
     0 | D        | Reached XP level 1. HP: 7/7 MP: 4/4
     0 | D        | Found a shimmering blue altar of Sif Muna.
     0 | D        | Found a bloodstained altar of Trog.
     0 | D        | Found a sacrificial altar of Ru.
     0 | D        | Found a stormy altar of Qazlal.
     0 | D        | Found an iron altar of Okawaru.
     2 | D        | Found a blossoming altar of Fedhas.
     2 | D        | Found the +6 Majin-Bo {spellvamp, MP+6 Int+6}
     2 | D        | Found the +27 heavy crossbow "Sniper" {heavy, Acc+∞ SInv}
     2 | D        | Found the +10 dark maul {heavy}
     2 | D        | Found the +15 Maxwell's patent armour {-Cast -Tele rElec
                  | Will+ rCorr}
     2 | D        | Found the +18 shield of the Gong {Loud rN+ Will+ rCorr
                  | EV-5}
     2 | D        | Found the +16 obsidian axe {drain, demonic, Mesm Drain Fly
                  | SInv}
     2 | D        | Found the +7 great mace "Firestarter" {flame, inner flame,
                  | rFlCloud rF++}
     2 | D        | Found the +6 shillelagh "Devastator" {shatter}
     2 | D        | Found the +11 plutonium sword {Contam Stlth-}
     2 | D        | Found the +8 lance "Wyrmbane" {slay drac, rPois rF+ rC+
                  | AC+3}
     2 | D        | Found the +9 sword of Zonguldrok {reap}
     2 | D        | Found the +13 scythe of Curses {drain, curses, Drain}
     2 | D        | Found the +9 sword of Power {lifebolt}
     2 | D        | Found the +7 mace of Variability {chaos, chain chaos}
     2 | D        | Found the +11 Singing Sword {sonic wave}
     2 | D        | Found the +8 storm bow {elec, penet}
     3 | D        | Found a sparkling altar of Nemelex Xobeh.
     5 | D        | Found a transporter.
     5 | D        | Found an ancient bone altar of Kikubaaqudgha.
     5 | D        | Found a viscous altar of Jiyva.
     5 | D        | Found a corrupted altar of Lugonu.
     5 | D        | Found a hazy altar of Hepliaklqana.
     5 | D        | Found a burning altar of Makhleb.
     5 | D        | Found an opulent altar of Gozag.
    29 | D        | Became a worshipper of Vehumet
    46 | D        | Reached XP level 2. HP: 11/11 MP: 5/8
   189 | D        | Entered arena 2.
   189 | D        | Noticed a hell hound
   189 | D        | Found a transporter.
   191 | D        | Killed a hell hound
   192 | D        | Reached skill level 5 in Stealth
   192 | D        | Reached skill level 5 in Spellcasting
   192 | D        | Reached skill level 5 in Earth Magic
   192 | D        | Reached XP level 3. HP: 14/14 MP: 6/10
   192 | D        | Reached XP level 4. HP: 18/18 MP: 7/12
   193 | D        | Reached * piety under Vehumet
   193 | D        | Offered knowledge of Shock by Vehumet.
   541 | D        | Learned a level 3 spell: Stone Arrow
   543 | D        | Entered arena 3.
   543 | D        | Noticed a hell hound
   543 | D        | Found a transporter.
   554 | D        | Slain by an ufetubus
   555 | D        | Reached XP level 3. HP: -4/14 MP: 1/10
   565 | D        | Killed a hell hound
   566 | D        | Reached skill level 5 in Dodging
   566 | D        | Reached skill level 6 in Stealth
   566 | D        | Reached skill level 5 in Conjurations
   566 | D        | Reached XP level 4. HP: 18/18 MP: 10/12
   566 | D        | Reached XP level 5. HP: 21/21 MP: 11/14
   567 | D        | Reached ** piety under Vehumet
   574 | D        | Got the amulet of Hiteanec {Faith Int+2}
   577 | D        | Got Sif Muna's Vademecum on Topological Unholy Words
   618 | D        | Entered arena 4.
   618 | D        | Found a transporter.
   619 | D        | Offered knowledge of Poisonous Vapours by Vehumet.
   622 | D        | Reached skill level 7 in Stealth
   628 | D        | Got the +1 cloak of the Cicada {rN+}
   635 | D        | Learned a level 3 spell: Gell's Gravitas
   637 | D        | Entered arena 5.
   637 | D        | Noticed a jumping spider
   637 | D        | Noticed a jumping spider
   637 | D        | Found a transporter.
   641 | D        | Slain by a jumping spider

Illustrated notes

Levels and vault maps discovered:
D:        sprint_v [room_start, room_1, room_2, room_3, room_4, room_5, room_6,
          room_7, room_8, room_9, room_10, room_11, room_12, room_13, room_14,
          room_15, room_16, room_17, room_18, room_19, room_20, room_21,
          room_22, room_23, room_24, room_25, room_26, room_27]

Skill      XL: |  1  2  3  4  5 |
---------------+----------------+-----
Spellcasting   | 4 5 6 |  6.0
Conjurations   | 3 4 5 |  5.6
Earth Magic    | 4 5 6 |  6.3
Dodging        | 4 5 6 |  6.4
Stealth        | 5 6 7 |  7.1
Transmutations | 3 4 |  4.8

Action                     |  1- 3 |  4- 6 || total
---------------------------+-------+-------++-------
   Cast: Sandblast         |     3 |     9 ||    12
         Stone Arrow       |       |     4 ||     4
         Gell's Gravitas   |       |     2 ||     2
    Use: Potion            |     2 |     8 ||    10
 Armour: Skin              |     1 |     4 ||     5
  Dodge: Dodged            |     5 |    27 ||    32

Table legend: (Time is in decaauts)
 A = Elapsed time spent in this place.
 B = Non-inter-level travel time spent in this place.
 C = Inter-level travel time spent in this place.
 D = Time resting spent in this place.
 E = Time spent auto-exploring this place.
 F = Levels seen in this place.
 G = Mean time per level.
                   A        B        C        D        E       F      G
               +--------+--------+--------+--------+--------+-----+--------+
         Total |    608 |    608 |      0 |    489 |      0 |   1 |  608.0 |
       Dungeon |    608 |    608 |      0 |    489 |      0 |   1 |  608.0 |
               +--------+--------+--------+--------+--------+-----+--------+

Top non-repeatable levels by time:
       D: 608 daAuts
